 Dungeon Crawl Stone Soup version 0.23-a0-143-g1adec7b (webtiles) character file.

58 Amnesiac the Magician (level 3, -9/24 HPs)
             Began as a Mummy Ice Elementalist on Sept 5, 2018.
             Killed by divine providence
             ... invoked by an orc priest
              (14 damage)
             ... on level 3 of the Dungeon.
             The game lasted 00:02:19 (1563 turns).

Amnesiac the Magician (Mummy Ice Elementalist)      Turns: 1563, Time: 00:02:20

Health: -9/24      AC:  2    Str: 11    XL:     3   Next: 76%
Magic:  3/8        EV: 12    Int: 15    God:
Gold:   68         SH:  0    Dex: 12    Spells: 5/9 levels left

rFire    x . .     SeeInvis .   b - +0 dagger (elec)
rCold    + . .     Gourm    .   (no shield)
rNeg     + + +     Faith    .   a - +0 robe
rPois    ∞         Spirit   .   (no helmet)
rElec    .         Reflect  .   (no cloak)
rCorr    .         Harm     .   (no gloves)
MR       .....                  (no boots)
Stlth    ++........             (no amulet)
HPRegen  0.08/turn              (no ring)
MPRegen  0.11/turn              (no ring)

@: no status effects
A: no food or potions, fire vulnerability, cold resistance 1, negative energy
resistance 3, torment resistance, unbreathing
a: no special abilities


You were on level 3 of the Dungeon.
You were not hungry.

You visited 1 branch of the dungeon, and saw 4 of its levels.

You collected 68 gold pieces.

Inventory:

Hand Weapons
 b - a +0 dagger of electrocution (weapon)
Armour
 a - a +0 robe (worn)
Scrolls
 c - a scroll of remove curse {!r, unknown}
 d - a scroll of amnesia {!r, unknown}


   Skills:
 - Level 1.5 Dodging
 - Level 1.5 Stealth
 + Level 3.5 Spellcasting
   Level 0.7 Conjurations
 * Level 3.5 Ice Magic


You had 5 spell levels left.
You knew the following spells:

 Your Spells              Type           Power        Failure   Level  Hunger
a - Freeze                Ice            ##..         4%          1    N/A
z - Ozocubu's Armour      Chrm/Ice       #.......     26%         3    N/A

Your spell library contained the following spells:

 Spells                   Type           Power        Failure   Level  Hunger
 Throw Frost              Conj/Ice       #.....       12%         2    N/A
 Throw Icicle             Conj/Ice       #.......     61%         4    N/A
 Summon Ice Beast         Ice/Summ       #.......     65%         4    N/A

Dungeon Overview and Level Annotations

Branches:
Dungeon (4/15)
 Temple: D:4-7

Altars:
Okawaru
Trog

Annotations:
D:4 Pikel


Innate Abilities, Weirdness & Mutations

You do not eat or drink.
Your flesh is vulnerable to fire.
You are immune to poison.
Your flesh is cold resistant. (rC+)
You are immune to negative energy. (rN+++)
You are immune to unholy pain and torment.
You can survive without breathing.


Message History

The slave hits you.
* * * LOW HITPOINT WARNING * * *
Pikel waves his whip at you.
Pikel says, "Slavery isn't that bad."
There is a stone staircase leading up here.
There is a stone staircase leading up here.
You climb upwards.
There is a stone staircase leading down here.
A dart slug is nearby!
An adder comes into view.
You close the door.
You start resting.
HP restored.
You start resting.
The dart slug is too close now for your liking.
A dart slug is nearby!
The adder hisses angrily.
The adder bites you.
Casting: Freeze (safe; 4% risk of failure)
Confirm with . or Enter, or press ? or * to list all spells.
Aiming: Freeze (safe; 4% risk of failure)
Press: ? - help, Shift-Dir - straight line, f - adder
Aim: an adder You freeze the adder.
The adder is heavily wounded.
The orc priest calls down the wrath of Beogh upon you.
Beogh smites you!
Ouch! That really hurt!
* * * LOW HITPOINT WARNING * * *
The adder misses you. The dart slug launches a dart at you.
The slug dart misses you.
Casting: Freeze (safe; 4% risk of failure)
Confirm with . or Enter, or press ? or * to list all spells.
Aiming: Freeze (safe; 4% risk of failure)
Press: ? - help, Shift-Dir - straight line, f/p - adder
Aim: an adder (heavily wounded)
You freeze the adder.
You kill the adder!
The orc priest begins to cast a cantrip, but forgets the words!
Casting: Freeze (safe; 4% risk of failure)
Confirm with . or Enter, or press ? or * to list all spells.
You can't see any susceptible monsters within range! (Use Z to cast anyway.)
Found a ration.
Casting: Freeze (safe; 4% risk of failure)
Confirm with . or Enter, or press ? or * to list all spells.
Aiming: Freeze (safe; 4% risk of failure)
Press: ? - help, Shift-Dir - straight line, f - orc priest
Aim: an orc priest You freeze the orc priest.
The orc priest is heavily wounded.
The orc priest completely misses you. The dart slug closely misses you.
Unknown command.
Casting: Freeze (safe; 4% risk of failure)
Confirm with . or Enter, or press ? or * to list all spells.
Aiming: Freeze (safe; 4% risk of failure)
Press: ? - help, Shift-Dir - straight line, f/p - orc priest
Aim: an orc priest (heavily wounded)
You freeze the orc priest.
The orc priest is almost dead.
The orc priest calls down the wrath of Beogh upon you.
Beogh smites you!
Ouch! That really hurt!
You die...

#........#
#........#.$
#...........
#.....w..#..
#........#
#........#
#........###
##+#####...###
#>...@w......
#.#†..o.#.###
#.#.##..#
#.#.# ..#
#.#.. ....
#.### #.##.
#.. .# . ###
%#


You could see an orc priest and a dart slug.

Vanquished Creatures
  A slave (D:4)
  A worker ant (D:4)
  2 adders
  2 orcs (D:2)
  2 ball pythons
  A giant cockroach (D:2)
  2 goblins (D:2)
  2 hobgoblins (D:1)
  A kobold (D:2)
  A bat (D:2)
  A frilled lizard (D:1)
  2 rats
18 creatures vanquished.

Notes
Turn   | Place    | Note
-------+----------+-------------------------------------------
     0 | D:1      | Amnesiac the Mummy Ice Elementalist began the quest for the
                  | Orb.
     0 | D:1      | Reached XP level 1. HP: 13/13 MP: 4/4
   600 | D:2      | Found a bloodstained altar of Trog.
   601 | D:2      | Found an iron altar of Okawaru.
   648 | D:2      | Reached XP level 2. HP: 18/19 MP: 3/5
  1029 | D:2      | You fall through a shaft for 2 floors!
  1051 | D:4      | Reached XP level 3. HP: 16/24 MP: 7/7
  1056 | D:4      | Learned a level 3 spell: Ozocubu's Armour
  1299 | D:4      | Noticed a slave
  1315 | D:4      | Killed a slave
  1383 | D:4      | Noticed a slave
  1385 | D:4      | Noticed Pikel
  1385 | D:4      | Noticed a slave
  1390 | D:4      | Noticed a slave
  1563 | D:3      | Killed from afar by an orc priest

Vault maps used:
D:1:      dpeg_arrival_renting, minmay_pentomino_z4
D:2:      gammafunk_temple_overflow_pools, grunt_qazlal_clouds, uniq_terence
D:3:      corexii_shack_village, kennysheep_vampire_church, first_ration,
          uniq_purgy
D:4:      lemuel_coloured_pillars_altar, uniq_pikel

Skill      XL: |  1  2 |
---------------+-------+-----
Spellcasting   | 3 |  3.5
Ice Magic      | 3 |  3.5
Dodging        | |  1.5
Stealth        | |  1.5
Conjurations   | |  0.7

Action                   || total
-------------------------++-------
Melee: Unarmed           ||     9
       Dagger            ||    14
 Cast: Freeze            ||    34
       Ozocubu's Armour  ||     1
  Use: Scroll            ||     1
 Stab: Sleeping          ||     2
Armor: Robe              ||    11
Dodge: Dodged            ||    39

Table legend:
 A = Non-vault XP
 B = Vault XP
 C = Vault XP percentage of total XP
 D = Non-vault monster count
 E = Vault monster count
 F = Vault count percentage of total count
                 A         B        C        D         E       F
            +---------+---------+-------+---------+---------+-------
      Total |      84 |       0 |   0.0 |      17 |       0 |   0.0
            +---------+---------+-------+---------+---------+-------
        D:1 |       6 |       0 |   0.0 |       4 |       0 |   0.0
        D:2 |      29 |       0 |   0.0 |       9 |       0 |   0.0
        D:3 |      13 |       0 |   0.0 |       1 |       0 |   0.0
        D:4 |      36 |       0 |   0.0 |       3 |       0 |   0.0
            +---------+---------+-------+---------+---------+-------
